 Dungeon Crawl Stone Soup version 0.19.5 (webtiles) character file.

187 Jerry the Covered (level 5, -8/42 HPs)
             Began as a Formicid Fighter on Apr 22, 2017.
             Was an Initiate of Okawaru.
             Mangled by tschems's ghost (14 damage)
             ... on level 3 of the Dungeon.
             The game lasted 00:07:24 (3021 turns).

Jerry the Covered (Formicid Fighter)                Turns: 3021, Time: 00:07:24

Health: -8/42      AC:  7    Str: 20    XL:     5   Next: 99%
Magic:  5/5        EV:  9    Int:  9    God:    Okawaru [......]
Gold:   143        SH:  6    Dex: 10    Spells: 0 memorised, 4 levels left

rFire  . . .     SeeInvis +     a - +0 trident
rCold  . . .     Gourm    .     b - +0 scale mail
rNeg   . . .     Faith    .     h - +2 buckler
rPois  .         Spirit   .     (helmet unavailable)
rElec  .         Reflect  .     (no cloak)
rCorr  .         Harm     .     (no gloves)
MR     .....                    (no boots)
Stlth  ..........               (no amulet)
                                (no ring)
                                (no ring)

@: no status effects
A: permanent stasis, dig shafts and tunnels, four strong arms, antennae 3
a: Dig, Shaft Self, Renounce Religion


You were on level 3 of the Dungeon.
You worshipped Okawaru.
Okawaru was noncommittal.
You were very hungry.

You visited 1 branch of the dungeon, and saw 3 of its levels.

You collected 143 gold pieces.

Inventory:

Hand Weapons
 a - a +0 trident (weapon)
Armour
 b - a +0 scale mail (worn)
 h - a +2 buckler (worn)
Jewellery
 o - a cursed amulet of inaccuracy {unknown}
Scrolls
 i - 4 scrolls of identify {unknown}
 j - a scroll of recharging {unknown}
 l - 5 scrolls of remove curse {unknown}
Potions
 c - a potion of cancellation {unknown}
 d - a potion of might
 e - 2 potions of brilliance {unknown}
 k - a potion of agility {unknown}
 m - a potion of flight {unknown}
 p - a potion of curing {unknown}
 r - a potion of degeneration {unknown}
 s - a potion of heal wounds {unknown}
Books
 q - a book of Minor Magic

   Spells                             Type                      Level
   a - Magic Dart                     Conjuration                  1
   b - Blink                          Translocation                2
   c - Call Imp                       Summoning                    2
   d - Repel Missiles                 Charms/Air                   2
   e - Slow                           Hexes                        2
   f - Conjure Flame                  Conjuration/Fire             3
   g - Mephitic Cloud                 Conjuration/Poison/Air       3
Comestibles
 f - 3 bread rations
 n - 3 beef jerkies


   Skills:
 + Level 4.0 Fighting
 * Level 4.4 Polearms
 + Level 4.4 Armour
 - Level 3.6 Shields
 + Level 1.0 Invocations


You had 4 spell levels left.
You didn't know any spells.

Dungeon Overview and Level Annotations

Branches:
Dungeon (3/15)

Altars:
Ashenzari
Dithmenos
Elyvilon
Kikubaaqudgha
Nemelex Xobeh
Okawaru

Annotations:
D:3 tschems's ghost, amateur HuFi


Innate Abilities, Weirdness & Mutations

You are under a permanent stasis effect.
You can dig through walls and to a lower floor.
Your four strong arms can wield two-handed weapons with a shield.
You have a pair of large antennae on your head. (SInv)


Message History

Tschems's ghost hits you but does no damage.
Your scale mail prevents you from hitting tschems's ghost.
Tschems's ghost is heavily damaged.
Tschems's ghost barely misses you.
You hit tschems's ghost but do no damage.
Tschems's ghost is heavily damaged.
You block tschems's ghost's attack.
You barely miss tschems's ghost.
Tschems's ghost is heavily damaged.
Tschems's ghost says, "Do you think the gods will protect you?"
Tschems's ghost closely misses you.
You hit tschems's ghost but do no damage.
Tschems's ghost is heavily damaged.
Tschems's ghost hits you!
You closely miss tschems's ghost.
Tschems's ghost is heavily damaged.
Tschems's ghost hits you!
* * * LOW HITPOINT WARNING * * *
Tschems's ghost hits you!
You die...

##########...# ##...
........##...# ##### #....
........##...####### #...# #....
...................# #...####....
........##...#....># #.....##....
........##...#.....# #...........
##......##...#.....# #)....##....
.##.....##...#.....###...#.##....
8.#.....######..@.......##..#....
..#.)...# #..W................
8.#<....# ##.#######..........
.##.##### #.# ######.).... ##..#
#.# ##.......#... ....# #.#
##.o#####.##.. ##.## ###.####..##
#..... .### ###........## ##...#
8.# #..>#.###### #....


You could see tschems's ghost.

Vanquished Creatures
  7 gnolls
  3 adders (D:2)
  An ooze (D:3)
  A worm (D:3)
  3 dart slugs
  2 leopard geckos
  4 orcs (D:3)
  14 bats
  3 giant cockroaches
  8 goblins
  7 hobgoblins
  3 jackals (D:3)
  A quokka (D:3)
  2 ball pythons (D:1)
  2 frilled lizards
  8 kobolds
  8 rats
77 creatures vanquished.

Notes
Turn   | Place    | Note
-------+----------+-------------------------------------------
     0 | D:1      | Jerry the Formicid Fighter began the quest for the Orb.
     0 | D:1      | Reached XP level 1. HP: 18/18 MP: 1/1
   185 | D:1      | Reached XP level 2. HP: 24/24 MP: 2/2
   407 | D:1      | Reached XP level 3. HP: 26/29 MP: 3/3
   899 | D:2      | Reached XP level 4. HP: 37/37 MP: 4/4
  1033 | D:2      | Found an iron altar of Okawaru.
  1046 | D:2      | Became a worshipper of Warmaster Okawaru
  1362 | D:3      | Found a shattered altar of Ashenzari.
  1526 | D:1      | Reached XP level 5. HP: 42/42 MP: 5/5
  1675 | D:3      | Found a shadowy altar of Dithmenos.
  1675 | D:3      | Found a sparkling altar of Nemelex Xobeh.
  1692 | D:3      | Found an ancient bone altar of Kikubaaqudgha.
  1700 | D:3      | Found a white marble altar of Elyvilon.
  1800 | D:3      | Noticed tschems's ghost (amateur HuFi)
  2812 | D:3      | Reached skill level 1 in Invocations
  3021 | D:3      | Mangled by tschems's ghost

Skill      XL: |  1  2  3  4  5 |
---------------+----------------+-----
Polearms       | 3 4 |  4.4
Armour         | 4 |  4.4
Fighting       | 4 |  4.0
Invocations    | 1 |  1.0
Shields        | |  3.6

Action                   |  1- 3 |  4- 6 || total
-------------------------+-------+-------++-------
Melee: Trident           |    96 |   180 ||   276
  Eat: Chunk             |       |     6 ||     6
Armor: Scale mail        |    29 |    38 ||    67
Dodge: Dodged            |    31 |    62 ||    93
Block: Buckler           |    19 |    53 ||    72
